 Dungeon Crawl Stone Soup version 0.24.0-37-gcf1ca852f1 (webtiles) character file.

Game seed: 14879130237189945942, levelgen mode: deterministic

81 Descartes the Skirmisher (level 4, -1/37 HPs)
             Began as a Formicid Abyssal Knight on Nov 25, 2019.
             Was a Follower of Lugonu.
             Slain by a quokka (2 damage)
             ... on level 3 of the Dungeon.
             The game lasted 00:04:18 (2578 turns).

Descartes the Skirmisher (Formicid Abyssal Knight)  Turns: 2578, Time: 00:04:19

Health: -1/37      AC:  3    Str: 17    XL:     4   Next: 67%
Magic:  6/6        EV: 11    Int: 12    God:    Lugonu [*.....]
Gold:   34         SH:  3    Dex: 10    Spells: 3/3 levels left

rFire    + . .     SeeInvis +   a - +1 hand axe
rCold    . . .     Gourm    .   e - +0 buckler
rNeg     . . .     Faith    .   b - +0 leather armour
rPois    .         Spirit   .   (helmet unavailable)
rElec    .         Reflect  .   (no cloak)
rCorr    .         Harm     .   (no gloves)
MR       .....                  (no boots)
Stlth    +.........             (no amulet)
HPRegen  0.12/turn              d - ring of protection from fire
MPRegen  0.10/turn              (no ring)

@: no status effects
A: permanent stasis, dig shafts and tunnels, four strong arms, antennae 3
a: Dig, Shaft Self, Depart the Abyss, Renounce Religion


You were on level 3 of the Dungeon.
You worshipped Lugonu.
Lugonu was aware of your devotion.
You were hungry.

You visited 1 branch of the dungeon, and saw 3 of its levels.
You visited the Abyss 1 time.

You collected 34 gold pieces.

Inventory:

Hand Weapons
 a - a +1 hand axe (weapon)
 g - a +0 quarterstaff of distortion
Missiles
 k - 63 stones (quivered)
 m - 24 bolts
Armour
 b - a +0 leather armour (worn)
 e - a +0 buckler (worn)
Jewellery
 d - a ring of protection from fire (left hand)
Scrolls
 f - 2 scrolls of identify {unknown}
 h - a scroll of amnesia {unknown}
 j - 3 scrolls of remove curse {unknown}
 l - a scroll of enchant weapon {unknown}
Potions
 i - 4 potions of curing {unknown}
Comestibles
 c - 4 rations
 n - 5 chunks of flesh


   Skills:
 + Level 3.9 Fighting
 + Level 2.5 Axes
 - Level 0.3 Staves
 + Level 2.7 Armour
 + Level 1.4 Dodging
 - Level 0.3 Stealth
 * Level 1.2 Shields
 + Level 2.8 Invocations


You had 3 spell levels left.
You didn't know any spells.
Your spell library was empty.

Dungeon Overview and Level Annotations

Branches:
Dungeon (2/15)

Altars:


Innate Abilities, Weirdness & Mutations

You cannot be hasted, slowed, berserked, paralysed or teleported.
You can dig through walls and to a lower floor.
Your four strong arms can wield two-handed weapons with a shield.
You have a pair of large antennae on your head. (SInv)


Message History

You fall into a shaft and drop 1 floor!
The shaft crumbles and collapses.
A quokka comes into view.
Found a scroll labeled SAXKAIGU YTRUH, 13 stones and a dagger.
Found a stone staircase leading down.
You closely miss the quokka.
The quokka bites you but does no damage.
The quokka barely misses you.
You closely miss the quokka. The quokka bites you.
* * * LOW HITPOINT WARNING * * *
You hit the quokka but do no damage.
The quokka bites you but does no damage. x2
You barely miss the quokka. The quokka misses you.
You closely miss the quokka. The quokka barely misses you.
The quokka bites you.
* * * LOW HITPOINT WARNING * * *
You hit the quokka.
The quokka is almost dead.
The quokka bites you.
You die...

................
.............>..
...........)...#
.......#.....
...........####
#...........
#........?(
###.........
#@r......###
#.#####..# #..#
#.# ...## .#
.... # ....#.
..#... ..# ..


You could see a quokka.

Vanquished Creatures
  3 adders (D:2)
  An ooze (D:1)
  A worm (D:2)
  A dart slug (D:2)
  A leopard gecko (D:2)
  A giant cockroach (D:2)
  12 goblins
  7 hobgoblins
  6 bats
  2 frilled lizards
  4 kobolds
  5 rats
44 creatures vanquished.

Notes
Turn   | Place    | Note
-------+----------+-------------------------------------------
     0 | Abyss:1  | Descartes the Formicid Abyssal Knight began the quest for
                  | the Orb.
     0 | Abyss:1  | Reached XP level 1. HP: 18/18 MP: 2/2
    51 | Abyss:2  | Noticed a starcursed mass
    59 | D:1      | Escaped the Abyss
   692 | D:1      | Reached XP level 2. HP: 20/24 MP: 3/3
   798 | D:1      | Reached * piety under Lugonu
  1351 | D:1      | Reached XP level 3. HP: 26/30 MP: 4/4
  1841 | D:2      | Reached skill level 1 in Dodging
  2383 | D:2      | Reached XP level 4. HP: 32/37 MP: 5/5
  2447 | D:2      | Reached skill level 1 in Shields
  2555 | D:2      | Noticed a black bear
  2567 | D:2      | You fall into a shaft and drop 1 floor!
  2577 | D:3      | HP: 1/37 [quokka (3)]
  2578 | D:3      | Slain by a quokka

Levels and vault maps discovered:
D:1:      nicolae_arrival_somewhat_less_tricky_arrival, layout_basic
D:2:      layout_loops_ring, minmay_stone_trees_medium, uniq_sigmund, uniq_robin
D:3:      layout_rooms, glass_columns_b, uniq_natasha, uniq_crazy_yiuf_cottage,
          uniq_jessica

Skill      XL: |  1  2  3  4 |
---------------+-------------+-----
Dodging        | 1 |  1.4
Shields        | 1 |  1.2
Fighting       | |  3.9
Axes           | |  2.5
Staves         | |  0.3
Armour         | |  2.7
Stealth        | |  0.3
Invocations    | |  2.8

Action                   |  1- 3 |  4- 6 || total
-------------------------+-------+-------++-------
Melee: Quarterstaff      |    25 |       ||    25
       Hand axe          |    95 |    55 ||   150
Invok: Depart the Abyss  |     1 |       ||     1
 Abil: Shaft Self        |       |     1 ||     1
  Eat: Chunk             |     5 |       ||     5
Armor: Leather armour    |    40 |    17 ||    57
Dodge: Dodged            |    81 |    34 ||   115
Block: Buckler           |    17 |    11 ||    28
